[Event "Titled Tuesday Blitz August 22 Late 2023"]
[White "Kim, Sergey"]
[Black "Pinto, Daniel"]
[WhiteFideId "13700570"]
[BlackFideId "3303144"]
[WhiteElo "2604"]
[BlackElo "2461"]
[Result "1-0"]
[Round "9"]
[TimeControl "180+1"]
[Date "2023.08.22"]
[WhiteClock "0:01:13"]
[BlackClock "0:00:00"]
[Board "58"]

1. d4 Nf6 2. c4 c5 3. d5 d6 4. Nc3 g6 5. e4 Bg7 6. Nge2 O-O 7. Ng3 e6 8. Be2 exd5 9. cxd5 b6 10. O-O Ba6 11. Bf4 Re8 12. Re1 Qd7 13. Qd2 b5 14. a3 Ng4 15. h3 Ne5 16. Bh6 Bxh6 17. Qxh6 f6 18. Qd2 Nc4 19. Bxc4 bxc4 20. f4 Qg7 21. e5 fxe5 22. f5 Rf8 23. Rf1 Nd7 24. Qe2 Nf6 25. b3 Rab8 26. bxc4 Rb3 27. Rf3 Rxc3 28. Rxc3 Nxd5 29. Rf3 Nf4 30. Qe4 Bb7 31. Qe3 Bxf3 32. Qxf3 gxf5 33. Rb1 Qxg3 34. Qxg3+ Kh8 35. Qh4 1-0


[Site "https://www.chess.com"]

[Event "Titled Tuesday Blitz August 22 Late 2023"]
[White "Erzhanov, Arman"]
[Black "Zeck_CH"]
[WhiteFideId "4138821"]
[WhiteElo "2602"]
[BlackElo "2495"]
[Result "1-0"]
[Round "9"]
[TimeControl "180+1"]
[Date "2023.08.22"]
[WhiteClock "0:00:53"]
[BlackClock "0:00:45"]
[Board "59"]

1. e4 c5 2. Nf3 e6 3. b3 b6 4. Bb2 Bb7 5. d3 d6 6. g3 Nd7 7. Bg2 Ngf6 8. O-O Be7 9. Nbd2 O-O 10. Ng5 Qc7 11. f4 b5 12. a4 a6 13. Qe2 Rfc8 14. h3 h6 15. Ngf3 Nf8 16. g4 N6d7 17. f5 Bf6 18. Bxf6 Nxf6 19. g5 hxg5 20. Nxg5 exf5 21. Rxf5 Re8 22. Qf2 Qe7 23. axb5 axb5 24. Re1 Ra2 25. Nf1 Bc8 26. Rf3 Ng6 27. Ne3 Ne5 28. Rf5 g6 29. Rxf6 Kg7 30. Rf1 Rf8 31. Nd5 Qd8 32. Qh4 Rh8 33. Rxf7+ Nxf7 34. Rxf7+ Kg8 35. Qf4 Rh5 36. Ne7+ 1-0


[Site "https://www.chess.com"]

[Event "Titled Tuesday Blitz August 22 Late 2023"]
[White "Jorajuria Mendoza, Algol"]
[Black "Santos Flores, Alberto"]
[WhiteFideId "5128897"]
[BlackFideId "3601234"]
[WhiteElo "2443"]
[BlackElo "2571"]
[Result "0-1"]
[Round "9"]
[TimeControl "180+1"]
[Date "2023.08.22"]
[WhiteClock "0:00:00"]
[BlackClock "0:00:27"]
[Board "60"]

1. e4 e6 2. d4 d5 3. Nd2 c5 4. Ngf3 cxd4 5. Nxd4 Nf6 6. exd5 Nxd5 7. c4 Nb4 8. N2f3 Be7 9. a3 N4c6 10. Be3 O-O 11. Bd3 Bf6 12. O-O Nxd4 13. Nxd4 Nc6 14. Nxc6 bxc6 15. Rb1 a5 16. b4 axb4 17. axb4 Ra3 18. Be4 Qc7 19. b5 cxb5 20. cxb5 Bb7 21. b6 Qb8 22. Bxb7 Qxb7 23. Bc5 Rd8 24. Bxa3 Rxd1 25. Rfxd1 h5 26. Bd6 h4 27. h3 g5 28. Bh2 Kg7 29. Rd7 Qe4 30. Rbd1 Be5 31. Bxe5+ Qxe5 32. b7 Qb5 33. Rc7 Qb4 34. Rdc1 Kg6 35. Kh2 Qf4+ 36. Kg1 Qb4 37. R1c5 Qe1+ 38. Kh2 Qxf2 39. Rc1 Qf4+ 40. Kg1 Qb4 41. Kh1 f5 42. R1c6 Kf6 43. Rd7 g4 44. hxg4 fxg4 45. Rc8 g3 46. Rc1 h3 47. gxh3 Qb2 48. Rf1+ Kg6 0-1


[Site "https://www.chess.com"]

[Event "Titled Tuesday Blitz August 22 Late 2023"]
[White "Vovk, Orest"]
[Black "Sala, Giulia"]
[WhiteFideId "14113490"]
[BlackFideId "2840451"]
[WhiteElo "2545"]
[BlackElo "2347"]
[Result "0-1"]
[Round "9"]
[TimeControl "180+1"]
[Date "2023.08.22"]
[WhiteClock "0:00:00"]
[BlackClock "0:00:14"]
[Board "61"]

1. g4 d5 2. h3 e5 3. Bg2 c6 4. d4 Bd6 5. c4 dxc4 6. dxe5 Bxe5 7. Qxd8+ Kxd8 8. Nf3 Bf6 9. O-O Be6 10. Nd4 Bxd4 11. Rd1 Nd7 12. Rxd4 h5 13. Na3 hxg4 14. hxg4 Ne7 15. Nxc4 c5 16. Re4 Nf6 17. Rxe6 fxe6 18. Bxb7 Rb8 19. Bf3 Ned5 20. e4 Nb4 21. Bf4 Rc8 22. Rd1+ Ke7 23. Bd6+ Kf7 24. Ne5+ Ke8 25. g5 Ng8 26. Bg4 Rd8 27. Bxe6 Rxd6 28. Rxd6 Ke7 29. Nc4 Nh6 30. gxh6 Rxh6 31. a3 Nc2 32. Rd2 Nd4 33. Rxd4 cxd4 34. Bd5 d3 35. Kg2 Rf6 36. f3 g5 37. Kg3 Rf4 38. b4 Rh4 39. Kf2 Rh2+ 40. Ke3 Rh3 41. Kxd3 Rxf3+ 42. Kd4 g4 43. Ne5 Rg3 44. b5 Rg1 45. Ng6+ Kf6 46. Nf4 g3 47. Ke3 Kg5 48. Ne2 Re1 49. Kf3 g2 50. Kxg2 Rxe2+ 51. Kf3 Rc2 52. Bc6 Rc3+ 53. Ke2 Rxa3 54. Kd2 Kf4 55. Kc2 Ke5 56. Kb2 Rg3 57. Kc2 Kd4 58. Kd2 Rg2+ 59. Ke1 Rh2 60. Kf1 Rc2 61. Kg1 a5 62. bxa6 Rxc6 0-1


[Site "https://www.chess.com"]

[Event "Titled Tuesday Blitz August 22 Late 2023"]
[White "Klukin, Kirill"]
[Black "Andrews, Todd"]
[WhiteFideId "24199273"]
[BlackFideId "2012456"]
[WhiteElo "2800"]
[BlackElo "2399"]
[Result "1-0"]
[Round "9"]
[TimeControl "180+1"]
[Date "2023.08.22"]
[WhiteClock "0:01:07"]
[BlackClock "0:00:00"]
[Board "62"]

1. f4 d5 2. Nf3 g6 3. g3 Bg7 4. Bg2 Nh6 5. O-O Nf5 6. d3 c6 7. Nc3 h5 8. e4 Qb6+ 9. Kh1 dxe4 10. dxe4 Ne3 11. Bxe3 Qxe3 12. e5 Bg4 13. Qd4 Qxd4 14. Nxd4 h4 15. Kg1 hxg3 16. hxg3 Nd7 17. Bf3 Bxf3 18. Nxf3 O-O-O 19. Ng5 Rdf8 20. Rad1 Nc5 21. b4 f6 22. Nf3 Ne6 23. exf6 exf6 24. Ne4 f5 25. Nd6+ Kc7 26. Rfe1 Rf6 27. Ng5 Nxg5 28. Re7+ Kb8 29. fxg5 Rxd6 30. Rxd6 Bc3 31. Rdd7 Ka8 32. a3 a6 33. Kg2 Rb8 34. Re6 Bb2 35. a4 Bc3 36. b5 cxb5 37. axb5 axb5 38. Rxg6 1-0


[Site "https://www.chess.com"]

[Event "Titled Tuesday Blitz August 22 Late 2023"]
[White "Buchenau, Frank"]
[Black "Schnaider, Ilan"]
[WhiteFideId "4604350"]
[BlackFideId "169013"]
[WhiteElo "2461"]
[BlackElo "2681"]
[Result "0-1"]
[Round "9"]
[TimeControl "180+1"]
[Date "2023.08.22"]
[WhiteClock "0:00:00"]
[BlackClock "0:00:04"]
[Board "63"]

1. e4 e5 2. Bc4 Nf6 3. d3 Be7 4. Nf3 Nc6 5. O-O O-O 6. Re1 h6 7. a4 a5 8. c3 d6 9. Na3 Re8 10. Bb3 Be6 11. Nc4 Nd7 12. Ne3 Bxb3 13. Qxb3 Nc5 14. Qc2 Ne6 15. Nf5 d5 16. Qb3 Nc5 17. Qxd5 Nxd3 18. Rd1 Nc5 19. Be3 Ne6 20. Qb3 Qc8 21. Rd5 Bf6 22. Rad1 Ne7 23. Nxe7+ Rxe7 24. h4 c6 25. Rd6 Nf4 26. Rd8+ Qxd8 27. Rxd8+ Rxd8 28. Bb6 Rd3 29. Bxa5 g5 30. hxg5 hxg5 31. Nh2 Red7 32. Ng4 Kg7 33. g3 Ne6 34. Bb4 Rd1+ 35. Kg2 Re1 36. Ne3 c5 37. Ba3 Rd2 38. Qc4 Rxe3 39. Bxc5 Nxc5 40. Qxc5 Ree2 41. b4 g4 42. a5 Rxf2+ 43. Qxf2 Rxf2+ 44. Kxf2 Bd8 45. Ke2 Kf6 46. Kd3 Ke6 47. c4 f5 48. exf5+ Kxf5 49. c5 e4+ 50. Kd4 Bf6+ 51. Kc4 Be5 52. b5 Bxg3 53. a6 bxa6 54. bxa6 e3 55. Kd3 Bb8 56. c6 g3 0-1


[Site "https://www.chess.com"]

[Event "Titled Tuesday Blitz August 22 Late 2023"]
[White "Almiron, Antonio"]
[Black "Toropov, Pavel"]
[WhiteFideId "3701166"]
[BlackFideId "24129178"]
[WhiteElo "2626"]
[BlackElo "2475"]
[Result "1-0"]
[Round "9"]
[TimeControl "180+1"]
[Date "2023.08.22"]
[WhiteClock "0:00:49"]
[BlackClock "0:00:03"]
[Board "64"]

1. e4 e6 2. d4 d5 3. Nc3 dxe4 4. Nxe4 Nd7 5. Nf3 Ngf6 6. Nxf6+ Nxf6 7. Ne5 Bd6 8. Bg5 O-O 9. Qf3 h6 10. Bh4 c5 11. O-O-O Be7 12. dxc5 Qa5 13. Ng4 Qxc5 14. Nxf6+ Bxf6 15. Bxf6 gxf6 16. Qxf6 Qg5+ 17. Qxg5+ hxg5 18. h4 gxh4 19. Rxh4 Kg7 20. Rd3 Kf6 21. Be2 e5 22. Rf3+ Ke7 23. Rb4 b6 24. Re3 f6 25. f4 Ke6 26. Bg4+ Kd6 27. Bf3 Rb8 28. fxe5+ fxe5 29. Rbe4 Re8 30. Rd3+ Kc7 31. Rc4# 1-0


[Site "https://www.chess.com"]

[Event "Titled Tuesday Blitz August 22 Late 2023"]
[White "Karttunen, Mika"]
[Black "Hajiyev, Kanan"]
[WhiteFideId "502081"]
[BlackFideId "13404148"]
[WhiteElo "2624"]
[BlackElo "2460"]
[Result "0-1"]
[Round "9"]
[TimeControl "180+1"]
[Date "2023.08.22"]
[WhiteClock "0:00:12"]
[BlackClock "0:00:06"]
[Board "65"]

1. e4 c6 2. d4 d5 3. e5 a6 4. c4 Bf5 5. Nc3 e6 6. g4 Bg6 7. h4 h5 8. g5 Nd7 9. Bd3 Bxd3 10. Qxd3 Ne7 11. cxd5 cxd5 12. Nge2 g6 13. Ng3 Nc6 14. a3 Qb6 15. Nce2 Be7 16. O-O Na5 17. b4 Nc4 18. Nf4 O-O-O 19. Be3 Kb8 20. Rfb1 Rc8 21. Nge2 Qc7 22. a4 b6 23. Kg2 Qb7 24. Kh2 Ka8 25. Ng3 Ndxe5 26. dxe5 Nxe5 27. Qe2 d4 28. Bd2 Nf3+ 29. Kh3 Rc2 30. Ne4 Nxd2 31. Nxd2 Rxd2 32. Qxd2 Qf3+ 33. Kh2 Bd6 34. Kg1 Bxf4 35. Qd1 Qh3 36. Ra2 Bh2+ 37. Kh1 Bf4+ 38. Kg1 d3 39. f3 d2 40. Rxd2 Be3+ 41. Rf2 Qg3+ 42. Kh1 Bxf2 43. Qf1 Qxh4+ 44. Kg2 Qg3+ 45. Kh1 Qxf3+ 46. Qg2 Qxg2+ 47. Kxg2 Be3 48. Rf1 Bxg5 49. Rxf7 h4 50. Rg7 h3+ 51. Kh1 Rh6 52. Rxg6 Rxg6 0-1


[Site "https://www.chess.com"]

[Event "Titled Tuesday Blitz August 22 Late 2023"]
[White "Czerw, Dawid"]
[Black "Rosen, Eric"]
[WhiteFideId "1145746"]
[BlackFideId "2032562"]
[WhiteElo "2458"]
[BlackElo "2571"]
[Result "0-1"]
[Round "9"]
[TimeControl "180+1"]
[Date "2023.08.22"]
[WhiteClock "0:00:22"]
[BlackClock "0:01:08"]
[Board "66"]

1. d4 d5 2. c4 e6 3. Nc3 Nf6 4. cxd5 exd5 5. Bg5 c6 6. e3 Bd6 7. Bd3 h6 8. Bh4 O-O 9. Nge2 Re8 10. Bg3 Bxg3 11. Nxg3 a5 12. O-O Na6 13. a3 Nc7 14. Qd2 h5 15. h3 h4 16. Nge2 Ne6 17. Rae1 Nh5 18. f3 b5 19. Bb1 b4 20. Na4 Ba6 21. Qc2 g6 22. Rf2 Bb5 23. Nc5 Nxc5 24. Qxc5 Rxe3 25. axb4 Ng3 0-1


[Site "https://www.chess.com"]

[Event "Titled Tuesday Blitz August 22 Late 2023"]
[White "Chor, Kevin"]
[Black "The_Straightforward_Rook"]
[WhiteFideId "2090740"]
[WhiteElo "2571"]
[BlackElo "2455"]
[Result "0-1"]
[Round "9"]
[TimeControl "180+1"]
[Date "2023.08.22"]
[WhiteClock "0:00:01"]
[BlackClock "0:00:18"]
[Board "67"]

1. d4 Nf6 2. Nf3 c5 3. d5 b5 4. c4 Bb7 5. Nc3 b4 6. Nb1 g6 7. Qc2 Bg7 8. e4 d6 9. Bd3 O-O 10. O-O e5 11. Bg5 h6 12. Bh4 g5 13. Bg3 Nh5 14. Nbd2 a5 15. Rfe1 a4 16. Nf1 Nd7 17. Qe2 Nf4 18. Qd2 Nf6 19. Ne3 Bc8 20. Bxf4 exf4 21. Nf5 Bxf5 22. exf5 a3 23. b3 Nd7 24. Rac1 Ne5 25. Nxe5 Bxe5 26. Qe2 Qf6 27. Qh5 Kg7 28. Re2 Bc3 29. Rcc2 Rae8 30. Qf3 Re7 31. Rxe7 Qxe7 32. Re2 Be5 33. g3 Qf6 34. Be4 Re8 35. Bd3 Re7 36. gxf4 Bxf4 37. Kg2 Re5 38. h3 Qe7 39. Kf1 Qf6 40. Kg2 Rxe2 41. Qxe2 Qb2 42. Kf3 Kf6 43. Qxb2+ axb2 44. Ke4 h5 45. Bb1 Be5 46. Kf3 Bd4 47. Kg2 Ke5 48. Kf3 f6 49. Ke2 Kf4 50. Bc2 h4 51. Bb1 g4 52. hxg4 h3 53. g5 h2 54. gxf6 h1=Q 55. f7 Bg7 0-1


[Site "https://www.chess.com"]

[Event "Titled Tuesday Blitz August 22 Late 2023"]
[White "Blackburn, Jonathan L B"]
[Black "Przybylski, Wojciech"]
[WhiteFideId "1801090"]
[BlackFideId "1117599"]
[WhiteElo "2455"]
[BlackElo "2567"]
[Result "0-1"]
[Round "9"]
[TimeControl "180+1"]
[Date "2023.08.22"]
[WhiteClock "0:00:00"]
[BlackClock "0:00:04"]
[Board "68"]

1. d4 Nf6 2. c4 e6 3. Nf3 d5 4. Nc3 dxc4 5. e4 Bb4 6. e5 Nd5 7. Bd2 b5 8. a4 Bxc3 9. bxc3 c6 10. g3 O-O 11. Bg2 Bd7 12. Qc2 a5 13. Ng5 g6 14. h4 h6 15. Ne4 Kg7 16. Nd6 Be8 17. Qc1 Rh8 18. f4 h5 19. Bxd5 cxd5 20. axb5 Nd7 21. Qa3 Nb6 22. f5 exf5 23. Bg5 Qd7 24. Bf6+ Kh7 25. Qc5 Rb8 26. Bxh8 Kxh8 27. Rxa5 Kg8 28. Kd2 f4 29. gxf4 Qg4 30. Rf1 Qg2+ 31. Ke1 Qg3+ 32. Rf2 Qxc3+ 33. Kf1 Qxa5 34. f5 Nd7 35. Qxd5 Qa1+ 36. Kg2 Qa8 37. Qxa8 Rxa8 38. e6 Nf8 39. fxg6 fxe6 40. b6 Bc6+ 41. Kg3 Nxg6 42. Rf6 Ne7 43. Rxe6 Kf8 44. Rf6+ Kg8 45. Re6 Nd5 46. b7 Rb8 47. Rg6+ Kh7 0-1


[Site "https://www.chess.com"]

[Event "Titled Tuesday Blitz August 22 Late 2023"]
[White "Haszon, David"]
[Black "Boor, Carl"]
[WhiteFideId "733610"]
[BlackFideId "2017008"]
[WhiteElo "2453"]
[BlackElo "2562"]
[Result "1-0"]
[Round "9"]
[TimeControl "180+1"]
[Date "2023.08.22"]
[WhiteClock "0:00:17"]
[BlackClock "0:00:08"]
[Board "69"]

1. d4 Nf6 2. Bf4 e6 3. e3 b6 4. Nf3 Bb7 5. c4 Bb4+ 6. Nbd2 O-O 7. Bd3 Be4 8. Bxe4 Nxe4 9. O-O Nxd2 10. Nxd2 Bxd2 11. Qxd2 d6 12. b4 Nd7 13. Rac1 Qe7 14. c5 Nf6 15. Bg5 h6 16. Bxf6 Qxf6 17. cxd6 cxd6 18. Rc6 Rfc8 19. Rfc1 Rxc6 20. Rxc6 d5 21. h3 Qe7 22. a4 Qb7 23. Qc2 Qa6 24. Rc7 Rf8 25. g3 Ra8 26. Qc6 Rf8 27. Qd7 Qe2 28. Rxa7 Qe1+ 29. Kg2 Qxb4 30. Qb5 Qxb5 31. axb5 Rb8 32. Kf3 g6 33. Kf4 Kg7 34. Ra6 Kf6 35. h4 Rb7 36. g4 g5+ 37. Kg3 Ke7 38. Ra8 Kf6 39. h5 Kg7 40. Ra6 Kf6 41. f4 gxf4+ 42. Kxf4 Rb8 43. Ra7 Rd8 44. Rb7 Rd6 45. Rc7 Kg7 46. Rc6 Rd7 47. Rxb6 Kf8 48. Rb8+ Ke7 49. b6 Kf6 50. b7 Rc7 51. e4 dxe4 52. Kxe4 Rd7 53. Ke3 Rc7 54. Kd3 Rd7 55. Ke4 Rc7 56. d5 exd5+ 57. Kxd5 Re7 58. Kd6 Re6+ 59. Kc5 Re7 60. Kb6 Re6+ 61. Ka7 1-0


[Site "https://www.chess.com"]

[Event "Titled Tuesday Blitz August 22 Late 2023"]
[White "Ganiev, Roman"]
[Black "KrokerGuy"]
[WhiteFideId "4131452"]
[WhiteElo "2562"]
[BlackElo "2454"]
[Result "0-1"]
[Round "9"]
[TimeControl "180+1"]
[Date "2023.08.22"]
[WhiteClock "0:00:02"]
[BlackClock "0:00:05"]
[Board "70"]

1. e4 e5 2. d4 exd4 3. Qxd4 Nc6 4. Qe3 Nf6 5. Nc3 Bb4 6. Bd2 O-O 7. O-O-O Re8 8. Qg3 Rxe4 9. a3 Bd6 10. f4 Re8 11. Bd3 Bf8 12. Nf3 d5 13. Ng5 h6 14. h4 Bg4 15. Rdf1 Qd7 16. Qf2 b6 17. f5 Bc5 18. Qg3 Ne5 19. Kb1 Nh5 20. Qh2 Nxd3 21. cxd3 Bd6 22. Qg1 Ng3 23. f6 Nxh1 24. Qxh1 Be5 25. fxg7 hxg5 26. hxg5 Bxg7 27. Qh4 Bh3 28. gxh3 Re6 29. Qg4 Rae8 30. Kc2 c5 31. Qf5 Rd6 32. Qf3 c4 33. dxc4 dxc4 34. Bf4 Rd3 35. Qg4 Qxg4 36. hxg4 Bxc3 37. bxc3 Re4 38. Rf2 Kg7 39. Bc7 Rxg4 40. Bb8 a6 41. Ba7 Rgg3 42. Bxb6 Rxc3+ 43. Kb2 Rb3+ 0-1


[Site "https://www.chess.com"]

[Event "Titled Tuesday Blitz August 22 Late 2023"]
[White "Salazar Farias, Luis German"]
[Black "brm72"]
[WhiteFideId "3902170"]
[WhiteElo "2453"]
[BlackElo "2548"]
[Result "1-0"]
[Round "9"]
[TimeControl "180+1"]
[Date "2023.08.22"]
[WhiteClock "0:00:23"]
[BlackClock "0:00:56"]
[Board "71"]

1. d4 Nf6 2. c4 g6 3. Nc3 d5 4. cxd5 Nxd5 5. e4 Nxc3 6. bxc3 Bg7 7. Bc4 c5 8. Ne2 Nc6 9. Be3 O-O 10. O-O Qc7 11. Rc1 b6 12. h4 Bb7 13. h5 Rad8 14. h6 Bf6 15. Nf4 e6 16. Qg4 Bc8 17. e5 Be7 18. Qg3 Kh8 19. Bb3 Rg8 20. Rfe1 Na5 21. d5 exd5 22. Nxd5 Qb7 23. Nxe7 Qxe7 24. Bg5 Qb7 25. Bf6+ Rg7 26. hxg7+ Kg8 27. Bxd8 c4 28. Bc2 Kxg7 29. Bf6+ Kg8 30. Rcd1 Nc6 31. Rd6 Be6 32. Red1 Qc7 33. Rd8+ Nxd8 34. Rxd8+ Qxd8 35. Bxd8 1-0


[Site "https://www.chess.com"]

[Event "Titled Tuesday Blitz August 22 Late 2023"]
[White "Tsyhanchuk, Stanislav"]
[Black "Leebit02"]
[WhiteFideId "13505130"]
[WhiteElo "2445"]
[BlackElo "2542"]
[Result "0-1"]
[Round "9"]
[TimeControl "180+1"]
[Date "2023.08.22"]
[WhiteClock "0:01:28"]
[BlackClock "0:01:24"]
[Board "72"]

1. c4 e6 2. Nc3 d5 3. e3 c5 4. cxd5 exd5 5. d4 Nf6 6. Nf3 Nc6 7. Bb5 Bd6 8. dxc5 Bxc5 9. Nd4 Bd7 10. O-O O-O 11. b3 Nxd4 12. exd4 Bb4 13. Bxd7 Bxc3 14. Ba3 Bxa1 15. Ba4 Bc3 16. b4 0-1


[Site "https://www.chess.com"]

[Event "Titled Tuesday Blitz August 22 Late 2023"]
[White "arenal72"]
[Black "ExchangeAB"]
[WhiteElo "2526"]
[BlackElo "2441"]
[Result "0-1"]
[Round "9"]
[TimeControl "180+1"]
[Date "2023.08.22"]
[WhiteClock "0:00:00"]
[BlackClock "0:00:31"]
[Board "73"]

1. e4 c6 2. Nf3 d5 3. Nc3 Bg4 4. h3 Bxf3 5. Qxf3 e6 6. d3 Nd7 7. g4 Bc5 8. Bg2 a5 9. O-O Ne7 10. Bd2 O-O 11. Qg3 Qb8 12. Kh2 Qxg3+ 13. Kxg3 f5 14. f4 g6 15. Rae1 Kf7 16. exd5 Nxd5 17. Nxd5 exd5 18. c4 Nb6 19. b3 Rfe8 20. g5 Bb4 21. Rxe8 Rxe8 22. Bc1 Re2 23. a3 Bc3 24. h4 d4 25. Bf3 Ra2 26. h5 Nd7 27. hxg6+ hxg6 28. Rh1 Kg7 29. b4 axb4 30. axb4 Bxb4 31. Rd1 Bc3 32. Bg2 Nc5 33. Bf1 b5 34. cxb5 cxb5 35. Kf3 b4 36. Be2 b3 37. Rh1 b2 38. Bxb2 Rxb2 39. Ra1 Rb7 0-1


[Site "https://www.chess.com"]

[Event "Titled Tuesday Blitz August 22 Late 2023"]
[White "Onthequiet"]
[Black "ATM622"]
[WhiteElo "2440"]
[BlackElo "2525"]
[Result "0-1"]
[Round "9"]
[TimeControl "180+1"]
[Date "2023.08.22"]
[WhiteClock "0:00:28"]
[BlackClock "0:01:24"]
[Board "74"]

1. d4 Nf6 2. Nf3 e6 3. c4 d5 4. e3 c6 5. Nbd2 Be7 6. Bd3 O-O 7. O-O b6 8. Re1 Bb7 9. e4 dxe4 10. Nxe4 c5 11. Nxf6+ Bxf6 12. dxc5 bxc5 13. Ne5 Nc6 14. Nxc6 Bxc6 15. Qe2 Rb8 16. Rb1 a5 17. Be3 Bd4 18. Red1 e5 19. Bxd4 exd4 20. Qh5 f5 21. f3 Qf6 22. b3 Rbe8 23. Re1 Re3 24. Rbd1 g6 25. Qh6 f4 26. h4 Rfe8 27. Rf1 R8e5 28. g3 Bxf3 29. gxf4 Rh5 0-1


[Site "https://www.chess.com"]

[Event "Titled Tuesday Blitz August 22 Late 2023"]
[White "Dwilewicz, Katarzyna"]
[Black "Lawson, Eric"]
[WhiteFideId "1148486"]
[BlackFideId "2604116"]
[WhiteElo "2438"]
[BlackElo "2518"]
[Result "0-1"]
[Round "9"]
[TimeControl "180+1"]
[Date "2023.08.22"]
[WhiteClock "0:00:00"]
[BlackClock "0:00:21"]
[Board "75"]

1. e4 c5 2. Nf3 Nc6 3. c3 d5 4. exd5 Qxd5 5. d4 e5 6. dxe5 Qxd1+ 7. Kxd1 Bg4 8. Be2 O-O-O+ 9. Nbd2 Nge7 10. Re1 Ng6 11. h3 Bxf3 12. Bxf3 Ncxe5 13. Be4 Nd3 14. Bxd3 Rxd3 15. Kc2 Rd7 16. Re8+ Kc7 17. Nf3 Bd6 18. Rxh8 Nxh8 19. Be3 b6 20. Rd1 Ng6 21. g3 h6 22. h4 Ne7 23. c4 Nf5 24. Bc1 Re7 25. b3 f6 26. Kd3 h5 27. Re1 Rd7 28. Kc2 a6 29. a4 b5 30. axb5 axb5 31. cxb5 Kb6 32. Re8 Kxb5 33. Rh8 Ra7 34. Bb2 c4 35. bxc4+ Kxc4 36. Rxh5 g6 37. Rh8 Bc5 38. Rc8 Kd5 39. Bxf6 Bxf2 40. Rd8+ Ke6 41. Be5 Ra2+ 42. Kd3 Ra3+ 43. Ke2 Bxg3 44. Bxg3 Nxg3+ 45. Kf2 Ne4+ 46. Kg2 Kf5 47. Rd5+ Kf4 48. Ng5 Ra2+ 49. Kg1 Ng3 50. Nh3+ Kg4 51. Nf2+ Kxh4 52. Rd4+ Kh5 53. Ne4 Ne2+ 0-1


[Site "https://www.chess.com"]

[Event "Titled Tuesday Blitz August 22 Late 2023"]
[White "Albertini, Luca"]
[Black "Nurgaliyeva, Zarina"]
[WhiteFideId "847038"]
[BlackFideId "13730096"]
[WhiteElo "2435"]
[BlackElo "2514"]
[Result "0-1"]
[Round "9"]
[TimeControl "180+1"]
[Date "2023.08.22"]
[WhiteClock "0:00:13"]
[BlackClock "0:01:39"]
[Board "76"]

1. d4 Nf6 2. c4 e6 3. Nc3 Bb4 4. Bg5 c5 5. a3 Bxc3+ 6. bxc3 Qa5 7. Bd2 Ne4 8. Qc2 Nxd2 9. Qxd2 O-O 10. e3 d6 11. Bd3 e5 12. Ne2 Nc6 13. d5 Ne7 14. e4 f5 15. f3 f4 16. O-O a6 17. Rfb1 Rb8 18. Bc2 g5 19. Nc1 g4 20. Bd1 h5 21. g3 Kh7 22. Kh1 Ng6 23. Nd3 fxg3 24. Qg5 Qxc3 25. Qxh5+ Kg7 26. Be2 Rh8 27. Qxh8+ Kxh8 28. fxg4 Bxg4 29. Bxg4 Qxd3 30. Re1 Nf4 31. hxg3 Qxg3 0-1


[Site "https://www.chess.com"]

[Event "Titled Tuesday Blitz August 22 Late 2023"]
[White "chessmateto"]
[Black "Kaplan, Avi Harrison"]
[BlackFideId "30934559"]
[WhiteElo "2432"]
[BlackElo "2514"]
[Result "0-1"]
[Round "9"]
[TimeControl "180+1"]
[Date "2023.08.22"]
[WhiteClock "0:00:05"]
[BlackClock "0:00:10"]
[Board "77"]

1. c4 g6 2. Nc3 Bg7 3. Nf3 d6 4. g3 Nf6 5. Bg2 O-O 6. O-O Nc6 7. d4 a6 8. e4 e5 9. h3 Re8 10. Be3 exd4 11. Nxd4 Bd7 12. Rc1 h5 13. f4 Rb8 14. Nc2 b5 15. c5 b4 16. Nd5 Nxe4 17. cxd6 cxd6 18. Nd4 Nxd4 19. Bxd4 Nxg3 20. Bxg7 Kxg7 21. Qd4+ Kh6 22. Rfe1 Ne2+ 23. Rxe2 Rxe2 24. Bf3 Re8 25. Kh2 Rc8 26. Rg1 Rc2+ 27. Rg2 Rxg2+ 28. Bxg2 Qh4 29. Nf6 Bxh3 30. Nxe8 Bd7+ 31. Kg1 Qe1+ 32. Bf1 Qxe8 33. Qxd6 Qe3+ 34. Kh2 Qf2+ 35. Bg2 Qh4+ 36. Kg1 Qd8 37. Qxb4 Bb5 38. Qe4 Qd1+ 39. Kh2 Qd6 40. Qe3 Kg7 41. Qe5+ Qf6 42. Qxf6+ Kxf6 43. Kg3 Kf5 44. Bb7 h4+ 45. Kf3 Kf6 46. Bc8 g5 47. fxg5+ Kxg5 48. b3 f5 49. a4 Bd3 50. b4 Bc2 51. a5 Bd3 52. Bd7 Bc4 53. b5 axb5 54. a6 Bd5+ 55. Kf2 b4 56. Bc8 b3 57. Bb7 b2 58. Bxd5 b1=Q 59. a7 Qb6+ 60. Kg2 Qxa7 61. Bf3 Qa2+ 62. Kh1 Qf2 63. Bg2 Kf4 64. Kh2 Qg3+ 65. Kh1 h3 66. Bf3 Ke3 67. Bg2 Kf2 68. Bf1 Qg2+ 69. Bxg2 hxg2+ 70. Kh2 g1=N 71. Kh1 f4 72. Kh2 f3 73. Kh1 Ne2 74. Kh2 Ke3 75. Kh1 f2 76. Kh2 f1=B 77. Kh1 Kf3 78. Kh2 Nf4 79. Kg1 Bg2 80. Kh2 Bh3 81. Kg1 Kg3 82. Kh1 Bg2+ 83. Kg1 Nh3# 0-1


[Site "https://www.chess.com"]

[Event "Titled Tuesday Blitz August 22 Late 2023"]
[White "Janaszak, Dawid"]
[Black "Bueno, Alfeu Junior Varela"]
[WhiteFideId "1119206"]
[BlackFideId "2108879"]
[WhiteElo "2510"]
[BlackElo "2428"]
[Result "1-0"]
[Round "9"]
[TimeControl "180+1"]
[Date "2023.08.22"]
[WhiteClock "0:00:28"]
[BlackClock "0:00:00"]
[Board "78"]

1. e4 e6 2. b3 d5 3. Bb2 Nf6 4. d3 dxe4 5. Nd2 exd3 6. Bxd3 Nc6 7. a3 Bc5 8. Ngf3 O-O 9. Qe2 Nd5 10. Qe4 f5 11. Qc4 Qe7 12. b4 Bb6 13. O-O a6 14. Rae1 Bd7 15. Kh1 Rad8 16. Qa2 Nf4 17. Bc4 Kh8 18. Qa1 h6 19. Ba2 Kh7 20. Nc4 Ba7 21. g3 Nh3 22. Kg2 Ng5 23. Nh4 f4 24. f3 Qf7 25. Qb1 Be8 26. c3+ Kh8 27. Re2 Qh5 28. Ne5 Nxe5 29. Rxe5 Rd6 30. Qe1 Bc6 31. c4 Be3 32. Bc3 Rd3 33. Bb1 Rd6 34. Ng6+ Kg8 35. h4 fxg3 36. Ne7+ Kf7 37. Nxc6 Qxh4 38. Rh1 Qf4 39. Rxe3 bxc6 40. Be5 1-0


[Site "https://www.chess.com"]

[Event "Titled Tuesday Blitz August 22 Late 2023"]
[White "Ronka, Erik"]
[Black "Mickiewicz, Piotr"]
[WhiteFideId "505080"]
[BlackFideId "1114891"]
[WhiteElo "2426"]
[BlackElo "2507"]
[Result "0-1"]
[Round "9"]
[TimeControl "180+1"]
[Date "2023.08.22"]
[WhiteClock "0:00:00"]
[BlackClock "0:00:16"]
[Board "79"]

1. e4 c6 2. d4 d5 3. Nd2 dxe4 4. Nxe4 Nf6 5. Nxf6+ exf6 6. c3 Bd6 7. Bd3 O-O 8. Qc2 Re8+ 9. Ne2 h6 10. O-O a5 11. Bd2 Nd7 12. Rae1 a4 13. Ng3 Nf8 14. Rxe8 Qxe8 15. Re1 Qd8 16. Nf1 b5 17. Ne3 g6 18. d5 Bd7 19. Be4 c5 20. c4 b4 21. Bf3 f5 22. g3 Nh7 23. Ng2 h5 24. Bf4 Qf8 25. Qd2 a3 26. b3 Re8 27. Bh6 Rxe1+ 28. Nxe1 Qe7 29. Nd3 Qf6 30. Be3 Qe7 31. Kg2 f6 32. Bf4 Ng5 33. Bxd6 Qxd6 34. Qe3 h4 35. gxh4 Nxf3 36. Qxf3 g5 37. hxg5 fxg5 38. Qe3 f4 39. Qxc5 Qh6 40. Kf1 Qh3+ 41. Ke2 Bg4+ 42. Kd2 Qf3 0-1


[Site "https://www.chess.com"]

[Event "Titled Tuesday Blitz August 22 Late 2023"]
[White "Harriott, Tyrell"]
[Black "Jaskolka, Tomasz"]
[WhiteFideId "2086484"]
[BlackFideId "1170791"]
[WhiteElo "2418"]
[BlackElo "2504"]
[Result "0-1"]
[Round "9"]
[TimeControl "180+1"]
[Date "2023.08.22"]
[WhiteClock "0:00:25"]
[BlackClock "0:00:21"]
[Board "80"]

1. d4 d6 2. e3 Nd7 3. f4 Ngf6 4. Nf3 c6 5. Bd3 Qc7 6. Nbd2 e5 7. c3 exf4 8. exf4 Be7 9. O-O O-O 10. Nh4 Re8 11. Qf3 Bf8 12. Nf5 Nb6 13. Qg3 Bxf5 14. Bxf5 Nbd5 15. Nf3 Ne3 16. Bxe3 Rxe3 17. Qh4 Qe7 18. Rf2 Re8 19. Raf1 g6 20. Bb1 Ne4 21. Ng5 h6 22. Bxe4 hxg5 23. fxg5 Qxe4 24. Rf4 Qe6 25. Rxf7 Qxf7 26. Rxf7 Kxf7 27. Qf4+ Kg8 28. Qf6 R3e6 29. Qf3 Bg7 30. h3 Rf8 31. Qd3 d5 32. Qg3 Rf7 33. Qb8+ Bf8 34. Qxa7 Re1+ 35. Kh2 Bd6+ 0-1


[Site "https://www.chess.com"]